 Dungeon Crawl Stone Soup version 0.25.1-2-g60ff931df9 (webtiles) character file.

Game seed: 14957884080760402000

529502 DogServant the Slayer (level 26, 0/229 HPs)
             Began as a Merfolk Gladiator on Nov 9, 2020.
             Was the Champion of Wu Jian.
             Slain by an emperor scorpion (1 damage)
             ... summoned by Khufu
             ... on level 3 of the Crypt.
             The game lasted 03:28:48 (68829 turns).

DogServant the Slayer (Merfolk Gladiator)          Turns: 68829, Time: 03:28:49

Health: 0/229      AC: 31    Str: 25    XL:     26   Next: 16%
Magic:  20/20      EV: 30    Int:  8    God:    Wu Jian [******]
Gold:   1319       SH: 19    Dex: 18    Spells: 8/31 levels left

rFire    + + +     SeeInvis +   y - +9 double sword (drain)
rCold    . . .     Gourm    .   E - +2 kite shield
rNeg     + + +     Faith    .   i - +8 plate armour "Erchahof" {Harm rPois Str+2}
rPois    +         Spirit   .   v - +1 helmet
rElec    +         Reflect  .   R - scarf {repulsion}
rCorr    .         Harm     +   s - +1 pair of gloves
MR       +++..                  N - +1 pair of boots of Zaf Ixe {rElec rF+++ rN+++ MP-9}
Stlth    ..........             D - amulet of the acrobat
HPRegen  0.48/turn              I - ring of Phasing {EV+8}
MPRegen  0.17/turn              A - ring "Neekh" {rPois rF+ rN+ MR+}

@: exhausted, about to teleport, heavenly storm, very slightly contaminated,
glowing, studying Dodging, repel missiles
A: change form in water, swift swim, stealthy swim, see invisible, fire
resistance 2, magic resistance 1, MP-powered wands
}: 2/15 runes: decaying, serpentine
a: Wall Jump, Serpent's Lash, Heavenly Storm, Renounce Religion


You were on level 3 of the Crypt.
You worshipped Wu Jian.
Wu Jian was exalted by your worship.
You were not hungry.

You visited 10 branches of the dungeon, and saw 47 of its levels.
You visited the Abyss 1 time.
You also visited: Bailey.

You collected 7974 gold pieces.
You spent 6655 gold pieces at shops.

Inventory:

Hand Weapons
 y - a +9 double sword of draining (weapon)
Missiles
 K - 7 throwing nets (quivered)
Armour
 i - the +8 plate armour "Erchahof" (worn) {Harm rPois Str+2}
   (You found it on level 5 of the Depths)

   It affects your strength (+2).
   It protects you from poison.
   It increases damage dealt and taken.
 s - a +1 pair of gloves (worn)
 v - a +1 helmet (worn)
 E - a +2 kite shield (worn)
 N - the +1 pair of boots of Zaf Ixe (worn) {rElec rF+++ rN+++ MP-9}
   (You found it on level 15 of the Dungeon)

   It renders you almost immune to fire.
   It insulates you from electricity.
   It renders you almost immune to negative energy.
   It affects your magic capacity (-9).
 R - a scarf of repulsion (worn)
Jewellery
 A - the ring "Neekh" (right hand) {rPois rF+ rN+ MR+}
   (You found it on level 6 of the Dungeon)

   [ring of protection from magic]

   It protects you from fire.
   It protects you from poison.
   It protects you from negative energy.
   It affects your resistance to hostile enchantments.
 D - an amulet of the acrobat (around neck)
 I - the ring of Phasing (left hand) {EV+8}
   (You found it on level 3 of the Elven Halls)

   [ring of evasion]

   It affects your evasion (+8).
 L - an uncursed ring of positive energy
Wands
 w - a wand of enslavement (25)
 B - a wand of clouds (12)
 C - a wand of flame (56)
 G - a wand of iceblast (34)
 O - a wand of acid (6)
 Q - a wand of digging (11)
 X - a wand of random effects (6)
Scrolls
 a - 4 scrolls of enchant armour
 d - 3 scrolls of silence
 h - 20 scrolls of remove curse
 j - 14 scrolls of identify
 k - 8 scrolls of magic mapping
 n - 3 scrolls of brand weapon
 r - 6 scrolls of amnesia
 x - 13 scrolls of teleportation
 F - a scroll of blinking
 J - 3 scrolls of fog
 T - 7 scrolls of enchant weapon
 Z - 5 scrolls of fear
Potions
 c - a potion of berserk rage
 e - 7 potions of flight
 g - 2 potions of invisibility
 m - 19 potions of curing
 p - 8 potions of haste
 q - 4 potions of cancellation
 t - 4 potions of stabbing
 u - 2 potions of magic
 M - 2 potions of resistance
 P - 4 potions of ambrosia
 S - 3 potions of might
 U - a potion of brilliance
 V - 3 potions of mutation
Books
 W - a manual of Dodging
Miscellaneous
 z - a phial of floods
 H - a lightning rod (4/4)
Comestibles
 f - 68 rations
 Y - 2 chunks of flesh


   Skills:
 + Level 23.5 Fighting
 - Level 18.0 Long Blades
 - Level 2.0 Throwing
 + Level 12.8 Armour
 + Level 23.5 Dodging
 - Level 20.6 Shields
 - Level 3.0 Spellcasting
 - Level 9.3 Hexes
 - Level 11.0 Charms
 - Level 12.1 Summonings
 - Level 9.0 Evocations


You had 8 spell levels left.
You knew the following spells:

 Your Spells              Type           Power        Failure   Level  Hunger
a - Song of Slaying       Chrm           ###.....     4%          2    ###....
b - Spectral Weapon       Hex/Chrm       ###.....     12%         3    ####...
c - Swiftness             Chrm/Air       ##......     38%         2    ###....
d - Summon Mana Viper     Hex/Summ       ###.....     65%         5    ######.
e - Shadow Creatures      Summ           N/A          95%         6    #######
f - Aura of Abjuration    Summ           ###.......   45%         5    ######.

Your spell library contained the following spells:

 Spells                   Type           Power        Failure   Level  Hunger
 Summon Butterflies       Summ           ###.....     1%          1    ##.....
 Summon Small Mammal      Summ           ###.         1%          1    ##.....
 Call Imp                 Summ           ###.....     2%          2    ###....
 Infusion                 Chrm           ###.         3%          1    ##.....
 Call Canine Familiar     Summ           ###.....     5%          3    ####...
 Corona                   Hex            ###....      6%          1    ##.....
 Summon Guardian Golem    Hex/Summ       ###.....     10%         3    ####...
 Confusing Touch          Hex            ###.....     19%         3    ####...
 Tukima's Dance           Hex            ###.....     19%         3    ####...
 Shroud of Golubria       Chrm/Tloc      ##....       38%         2    ###....
 Summon Demon             Summ           ###.......   45%         5    ######.
 Ensorcelled Hibernation  Hex/Ice        #.....       52%         2    ###....
 Recall                   Summ/Tloc      N/A          54%         3    ####...
 Ozocubu's Armour         Chrm/Ice       ##......     63%         3    ####...
 Dazzling Flash           Conj/Hex       #.....       75%         3    ####...
 Portal Projectile        Hex/Tloc       #.....       75%         3    ####...
 Summon Ice Beast         Ice/Summ       ##......     91%         4    #####..
 Summon Lightning Spire   Summ/Air       ##......     91%         4    #####..
 Beastly Appendage        Tmut           #.....       95%         1    ##.....
 Foxfire                  Conj/Fire      #...         95%         1    ##.....
 Magic Dart               Conj           #...         95%         1    ##.....
 Sandblast                Erth           #.....       95%         1    ##.....
 Sting                    Tmut/Pois      #...         95%         1    ##.....
 Leda's Liquefaction      Hex/Erth       #.........   98%         4    #####..
 Blink                    Tloc           N/A          99%         2    ###....
 Corpse Rot               Necr/Air       N/A          99%         2    ###....
 Passwall                 Tmut/Erth      #.......     99%         2    ###....
 Poisonous Vapours        Pois/Air       #.....       99%         2    ###....
 Sticks to Snakes         Tmut           #.......     99%         2    ###....
 Sublimation of Blood     Necr           #.........   99%         2    ###....
 Summon Forest            Summ/Tloc      ##........   99%         5    ######.
 Gell's Gravitas          Tloc           #.........   100%        3    ####...
 Ignite Poison            Fire/Tmut/Pois #.......     100%        3    ####...
 Lesser Beckoning         Tloc           #.........   100%        3    ####...
 Mephitic Cloud           Conj/Pois/Air  #.......     100%        3    ####...
 Spider Form              Tmut/Pois      #.........   100%        3    ####...
 Stone Arrow              Conj/Erth      #.....       100%        3    ####...
 Teleport Other           Tloc           #.......     100%        3    ####...
 Airstrike                Air            #.........   100%        4    #####..
 Animate Dead             Necr           N/A          100%        4    #####..
 Dispel Undead            Necr           #.......     100%        4    #####..
 Ice Form                 Ice/Tmut       #.......     100%        4    #####..
 Olgreb's Toxic Radiance  Pois           #.......     100%        4    #####..
 Passage of Golubria      Tloc           N/A          100%        4    #####..
 Petrify                  Tmut/Erth      #.......     100%        4    #####..
 Sticky Flame             Conj/Fire      #.......     100%        4    #####..
 Agony                    Necr           #.......     100%        5    ######.
 Blade Hands              Tmut           #.........   100%        5    ######.
 Bolt of Magma            Conj/Fire/Erth #.........   100%        5    ######.
 Borgnjor's Vile Clutch   Necr/Erth      #.........   100%        5    ######.
 Excruciating Wounds      Chrm/Necr      ##........   100%        5    ######.
 Fireball                 Conj/Fire      #.........   100%        5    ######.
 Iskenderun's Battlesphe  Conj/Chrm      ##......     100%        5    ######.
 Lee's Rapid Deconstruct  Erth           #.........   100%        5    ######.
 Lightning Bolt           Conj/Air       #.........   100%        5    ######.
 Metabolic Englaciation   Hex/Ice        #.........   100%        5    ######.
 Silence                  Hex/Air        #.........   100%        5    ######.
 Yara's Violent Unravell  Hex/Tmut       #.........   100%        5    ######.
 Death Channel            Necr           #.........   100%        6    #######
 Dispersal                Tloc           #.........   100%        6    #######
 Iron Shot                Conj/Erth      #.........   100%        6    #######
 Simulacrum               Ice/Necr       #.........   100%        6    #######
 Starburst                Conj/Fire      #.........   100%        6    #######
 Statue Form              Tmut/Erth      #........    100%        6    #######
 Malign Gateway           Summ/Tloc      ##........   100%        7    #######
 Monstrous Menagerie      Summ           ###.......   100%        7    #######
 Orb of Destruction       Conj           #.........   100%        7    #######
 Ring of Flames           Chrm/Fire      ##........   100%        7    #######
 Spellforged Servitor     Conj/Summ      ##........   100%        7    #######
 Summon Greater Demon     Summ           ###.......   100%        7    #######
 Controlled Blink         Tloc           N/A          100%        8    #######
 Disjunction              Tloc           #.........   100%        8    #######
 Ignition                 Fire           #.........   100%        8    #######
 Summon Horrible Things   Summ           ###.......   100%        8    #######
 Dragon's Call            Summ           ###.......   100%        9    #######


Dungeon Overview and Level Annotations

Branches:
Dungeon (15/15)            Temple (1/1) D:4            Lair (6/6) D:11
  Swamp (4/4) Lair:2        Snake (4/4) Lair:2        Slime (0/5) Lair:6
    Orc (2/2) D:12            Elf (3/3) Orc:2        Vaults (4/5) D:13
  Crypt (3/3) Vaults:3     Depths (5/5) D:15            Zot (0/5) Depths:5
 Bailey (visited)
   Tomb: Crypt:3

Altars:
Ashenzari
Cheibriados
Dithmenos
Elyvilon
Fedhas
Gozag
Hepliaklqana
Kikubaaqudgha
Makhleb
Nemelex Xobeh
Okawaru
Qazlal
Ru
Sif Muna
Trog
Uskayaw
Vehumet
Wu Jian
Xom
Yredelemnul
Zin
The Shining One
Beogh
Lugonu

Shops:
D:5 :   D:6 (   D:13 ?   D:14 [   Orc:2 [![(   Elf:3 %   Vaults:1 %:%?[
Vaults:3 *   Depths:1 [   Depths:2 (

Portals:
Hell: Depths:1 Depths:2 Depths:3 Depths:4 Depths:5
Abyss: Depths:1 Depths:2 Depths:4
Pandemonium: Depths:2 Depths:3 Depths:4
Ziggurat: Depths:4
Trove: D:15 (give +3 storm dragon scales)

Annotations:
D:3 1 runed translucent door, Crazy Yiuf
D:7 1 runed translucent door, DayCrawler's ghost, novice TrBe
Lair:6 1 runed translucent door, MrPhil's ghost, journeyman MfIE
Vaults:1 3 runed translucent doors
Vaults:2 2 runed translucent doors, OdinFK's ghost, adept DrCj
Crypt:3 Khufu


Innate Abilities, Weirdness & Mutations

You revert to your normal form in water.
You are very nimble and swift while swimming.
You are very stealthy in the water. (Stealth+)
You have supernaturally acute eyesight. (SInv)
Your flesh is very heat resistant. (rF++)
You are resistant to hostile enchantments. (MR+)
You expend magic power (3 MP) to strengthen your wands.


Message History

Okay, then.
Blink to where?
Press: ? - help, Dir - move target cursor
As you read the scroll of blinking, it crumbles to dust.
Khufu is lost in a daze.
The emperor scorpion stings you but does no damage.
You block the emperor scorpion's attack. x2
Okay, then.
As you read the scroll of teleportation, it crumbles to dust.
You feel strangely unstable.
The war gargoyle launches metal splinters at you.
The spray of metal splinters is repelled.
You block the emperor scorpion's attack.
The emperor scorpion claws you!
* * * LOW HITPOINT WARNING * * *
The emperor scorpion completely misses you.
Khufu casts a spell.
You block the emperor scorpion's attack. x3
The emperor scorpion stings you.
You die...

#......#.....
##############....##....
##.....≈≈.....##....##...
##.^............##....##..
##4............)..##....##.
#WV..........).))..##....#.
##+#####M##...§§§☼§..##)#####)###
.....#ZMW.#.W.☼s§§§..#..†.#....#.
.....#W)Z)#.§§(s@s§..#....#....#)
....M#....#.s§Ms9§☼..#...)#....'.
.....#z...#.s§sMzs§..#....#))..#.
...M.'....##☼§9☼§...##....'....#.
...V.#....###☼s§☼..###....#....#.
...ZV#....# ###§○### #....#....+.
.....#....# ⌠§§99 #....#....#.
#######+####....... ###+########
####++###


You could see Khufu (dazed), a greater mummy (dazed), 6 emperor scorpions, a
skeletal warrior (dazed), a war gargoyle (catching breath) and a +2 scimitar of
holy wrath.

Vanquished Creatures
  A juggernaut (Depths:5)
  Sojobo (Depths:4)
  A greater mummy (Crypt:3)
  Bai Suzhen (Swamp:3)
  Saint Roka (Orc:2)
  Xtahua (Depths:4)
  the Enchantress (Depths:3)
  Nikola (Swamp:3)
  2 bone dragons
  Jorgrun (Swamp:1)
  2 tentacled monstrosities
  4 liches
  3 deep elf blademasters (Elf:3)
  A titan (Depths:2)
  An acid blob (Depths:4)
  A deep elf master archer (Elf:3)
  4 thorn hunters
  3 sphinxes
  3 ancient champions
  3 tentacled starspawn (Abyss:4)
  2 storm dragons
  A shadow dragon (Depths:5)
  Donald (Orc:2)
  10 nagarajas
  4 tengu reavers
  The ghost of Wiuzywej the Severer, a journeyman MiBe of Trog (D:11)
  8 frost giants
  An orc warlord (Orc:2)
  9 vault wardens
  Aizul (Snake:2)
  A balrug (Depths:3)
  A draconian shifter (Depths:5)
  7 fire giants
  7 deep elf sorcerers
  9 ironheart preservers
  A draconian scorcher (Depths:5)
  5 spriggan defenders (Depths:3)
  3 ghouls
  A reaper (Crypt:2)
  9 deep elf elementalists
  2 war gargoyles
  15 stone giants
  16 very ugly things
  5 vampire knights
  3 entropy weavers
  Nessos (D:12)
  A green draconian (Depths:5)
  5 deep elf demonologists (Elf:3)
  A black draconian (Depths:5)
  The ghost of Qisuh the Slicer, a journeyman DsCK of Xom (D:15)
  A dire elephant (Lair:1)
  2 red draconians (Depths:5)
  A lorocyproca (Depths:4)
  8 deep elf annihilators (Elf:3)
  2 eidola (Crypt:2)
  A crystal guardian (Crypt:3)
  12 ettins
  Snorg (Orc:2)
  8 deep elf death magi
  4 fire dragons
  10 jiangshi
  8 yaktaur captains
  5 rakshasas
  2 deep elf high priests (Elf:3)
  Fannar (Lair:1)
  5 great orbs of eyes
  24 hydras
  Harold (D:11)
  12 ice dragons
  8 vault guards
  6 spriggan air magi
  4 catoblepae (Lair:6)
  A monstrous demonspawn (Depths:3)
  18 naga warriors
  A hell beast (Depths:5)
  A shambling mangrove (Swamp:4)
  19 centaur warriors
  18 ogre magi
  3 death knights
  2 ghost crabs
  11 anacondas
  3 deep troll earth magi
  30 dancing weapons
  54 two-headed ogres
  16 death yaks
  7 deep troll shamans
  2 tengu warriors (Depths:3)
  8 vampire magi
  6 alligators
  An orc high priest (Orc:2)
  8 spriggan berserkers
  14 spriggans
  4 shock serpents
  A fire crab (shapeshifter) (Vaults:3)
  2 thrashing horrors (Abyss:4)
  16 naga sharpshooters
  20 deep elf knights
  34 skeletal warriors
  3 hell knights (Crypt:3)
  4 shadow wraiths
  6 iron trolls
  2 titan skeletons
  6 salamander mystics
  A wretched star (Abyss:4)
  8 glowing orange brains
  A sea snake (shapeshifter) (Depths:2)
  A storm dragon skeleton (Depths:2)
  24 deep trolls
  2 flayed ghosts
  A swamp dragon (shapeshifter) (Depths:5)
  A torturous demonspawn (Depths:3)
  2 unseen horrors
  5 spriggan druids
  10 swamp dragons
  2 starcursed masses (Abyss:4)
  12 naga ritualists
  2 infernal demonspawn (Depths:2)
  6 wizards
  4 harpies
  A golden dragon skeleton (Crypt:1)
  An orange crystal statue (Crypt:1)
  6 ironbrand convokers
  2 oklob plants (Depths:4)
  16 deep elf archers
  A lindwurm (Lair:1)
  2 iron dragon zombies (Crypt:1)
  2 shining eyes
  7 phantasmal warriors
  12 mana vipers
  6 orc knights
  A frost giant zombie (Crypt:2)
  6 wolf spiders
  14 necromancers
  8 cyclopes
  8 manticores
  A fire giant zombie (Crypt:2)
  70 deep elf magi
  8 salamanders
  3 fauns (Depths:3)
  6 orc sorcerers
  48 ugly things
  An orb spider (shapeshifter) (Vaults:2)
  13 elephants
  A stone giant zombie (Crypt:3)
  4 worldbinders
  6 centaur zombies
  5 guardian serpents
  An orange demon (Abyss:4)
  15 naga magi
  2 torpor snails
  2 rust devils
  A stone giant skeleton (Crypt:2)
  47 black mambas
  2 frost giant skeletons
  A spriggan zombie (Depths:2)
  A gargoyle (D:11)
  A black mamba (shapeshifter) (Vaults:1)
  A smoke demon (Abyss:4)
  14 vault sentinels
  A storm dragon simulacrum (Vaults:1)
  2 kobold demonologists (D:14)
  A spiny frog (shapeshifter) (Depths:1)
  4 centaur skeletons
  13 spiny frogs
  A hellion (Depths:2)
  7 freezing wraiths
  41 yaktaurs
  5 rime drakes
  3 hellwings
  14 komodo dragons
  2 tengu conjurers
  An ancient zyme (Abyss:4)
  A purple draconian skeleton (Crypt:2)
  A meliai (shapeshifter) (Vaults:3)
  A death yak skeleton (Crypt:2)
  An ice devil (Depths:2)
  A wind drake (shapeshifter) (Depths:3)
  8 trolls
  2 red devils
  A jumping spider (Vaults:4)
  A wolf spider simulacrum (Vaults:1)
  3 meliai (Lair:6)
  A queen bee (Lair:6)
  3 polar bears
  A tengu simulacrum (Depths:2)
  A polar bear (shapeshifter) (Depths:3)
  A raiju (shapeshifter) (Vaults:1)
  6 tyrant leeches
  Prince Ribbit (D:4)
  An ettin zombie (Crypt:2)
  19 hornets
  A jumping spider (shapeshifter) (Depths:5)
  7 blink frogs
  4 raiju (Abyss:4)
  An elf zombie (Depths:5)
  6 dream sheep (Lair:6)
  26 slime creatures
  5 bog bodies
  A hippogriff (shapeshifter) (Vaults:1)
  18 hippogriffs
  An air elemental (Elf:1)
  A black mamba zombie (Crypt:1)
  50 flying skulls
  A redback (shapeshifter) (Vaults:4)
  A ynoxinul (Depths:3)
  5 redbacks
  A human (D:7)
  9 wraiths
  Sigmund (D:5)
  13 water elementals
  3 shadows
  4 wyverns
  3 tarantellas
  2 golden eyes (shapeshifter)
  4 hogs (D:7)
  57 yaks
  A steam dragon (D:11)
  3 basilisks
  2 fire elementals
  3 neqoxecs
  A hungry ghost (D:10)
  14 vampire mosquitoes
  15 insubstantial wisps
  2 wargs
  3 human simulacra
  A glowing shapeshifter zombie (Crypt:1)
  62 nagas
  10 water moccasins
  A soldier ant (D:14)
  Edmund (D:5)
  19 swamp worms
  4 human skeletons
  A floating eye (Depths:4)
  11 porcupines
  5 sky beasts
  5 ice beasts
  52 orc warriors
  7 swamp drakes (Swamp:4)
  A black bear (Lair:2)
  3 phantoms
  4 eyes of draining
  5 necrophages
  34 ogres
  16 boggarts
  A swamp dragon skeleton (Crypt:1)
  32 centaurs
  A blink frog skeleton (Crypt:1)
  A lindwurm skeleton (Crypt:1)
  18 crocodiles
  3 big kobolds
  A crocodile (shapeshifter) (Vaults:3)
  A small abomination (Abyss:4)
  A gnoll sergeant (D:11)
  32 bullfrogs
  A salamander skeleton (Crypt:1)
  A draconian skeleton (Crypt:1)
  A wyvern zombie (D:10)
  2 wyvern skeletons
  4 scorpions
  15 killer bees
  A snapping turtle simulacrum (Crypt:2)
  A wight (Crypt:1)
  4 electric eels
  4 howler monkeys
  6 crimson imps
  A human zombie (D:6)
  4 jellies
  3 quasits
  5 hounds
  An iron imp (Depths:4)
  21 orc priests
  5 bullfrog zombies
  A basilisk zombie (Crypt:2)
  2 bullfrog skeletons
  2 gnoll shamans
  37 orc wizards
  Jessica (D:3)
  3 iguanas
  9 worker ants
  A dwarf skeleton (Crypt:2)
  A hound zombie (Crypt:1)
  A hound skeleton (D:6)
  A worker ant zombie (D:7)
  10 gnolls
  14 adders
  A swamp drake zombie (Crypt:2)
  2 shadow imps
  A white imp (Vaults:3)
  2 ufetubi
  2 oozes
  A worm zombie (Crypt:2)
  2 adder skeletons (D:5)
  4 worms
  2 dart slugs
  8 leopard geckos
  155 orcs
  A ball python (D:6)
  6 bats
  6 giant cockroaches
  6 goblins
  7 hobgoblins
  15 jackals
  2 quokkas
  A ball python skeleton (Crypt:1)
  4 frilled lizards
  A hobgoblin zombie (Crypt:2)
  A jackal zombie (D:7)
  21 kobolds
  A kobold zombie (D:6)
  6 rats
  2 plants (Depths:4)
2218 creatures vanquished.

Vanquished Creatures (collateral kills)
  A greater mummy (Crypt:3)
  A deep elf death mage (Elf:3)
  A deep elf high priest (Elf:3)
3 creatures vanquished.

Vanquished Creatures (others)
  Roxanne (Swamp:3)
  A dancing weapon (Elf:2)
  A deep troll earth mage (Depths:4)
  3 deep elf magi
  2 slime creatures (Depths:3)
  A vampire mosquito (Swamp:2)
  A boggart (Depths:2)
  An ogre (Vaults:3)
  7 briar patches (Swamp:4)
  2 bushes (Lair:5)
  44 fungi
  39 plants
  6 spectral weapons
  5 starspawn tentacles (Abyss:4)
  8 toadstools (Lair:1)
122 creatures vanquished.

Grand Total: 2343 creatures vanquished

Notes
Turn   | Place    | Note
-------+----------+-------------------------------------------
     0 | D:1      | DogServant the Merfolk Gladiator began the quest for the
                  | Orb.
     0 | D:1      | Reached XP level 1. HP: 16/16 MP: 1/1
   166 | D:1      | Reached XP level 2. HP: 23/23 MP: 2/2
   647 | D:1      | Reached XP level 3. HP: 23/28 MP: 3/3
  1012 | D:2      | Reached XP level 4. HP: 30/35 MP: 4/4
  1406 | D:2      | Reached skill level 5 in Dodging
  1655 | D:3      | Noticed Jessica
  1662 | D:3      | Killed Jessica
  1662 | D:3      | Reached skill level 5 in Long Blades
  1662 | D:3      | Reached XP level 5. HP: 39/41 MP: 5/5
  1837 | D:3      | Found a shimmering altar of Xom.
  1858 | D:3      | Found a shimmering altar of Xom.
  1906 | D:3      | Found a shimmering altar of Xom.
  1906 | D:3      | Found a shimmering altar of Xom.
  2597 | D:3      | Found a runed translucent door.
  2598 | D:3      | Noticed Crazy Yiuf
  3071 | D:4      | Reached XP level 6. HP: 14/47 MP: 6/6
  3359 | D:4      | Found a staircase to the Ecumenical Temple.
  3382 | Temple   | Entered the Ecumenical Temple
  3550 | D:4      | Noticed a phantom
  3586 | D:4      | Killed a phantom
  3586 | D:4      | Reached XP level 7. HP: 28/52 MP: 7/7
  3856 | D:4      | Found an opulent altar of Gozag.
  3988 | D:5      | Entered Level 5 of the Dungeon
  4231 | D:5      | Noticed Prince Ribbit
  4391 | D:5      | Noticed Edmund
  4430 | D:5      | Killed Edmund
  5012 | D:5      | Reached XP level 8. HP: 58/58 MP: 8/8
  5113 | D:5      | Found Olibilul's Book Boutique.
  5364 | D:5      | Noticed Sigmund
  5375 | D:5      | Killed Sigmund
  5932 | D:5      | Found a basalt altar of Yredelemnul.
  6511 | D:6      | Reached skill level 1 in Armour
  6689 | D:6      | Found Egoppam's Antique Weapon Boutique.
  6693 | D:6      | Learned a level 2 spell: Song of Slaying
  6954 | D:6      | Reached skill level 1 in Charms
  7251 | D:6      | Reached XP level 9. HP: 65/65 MP: 9/9
  7408 | D:6      | Reached skill level 10 in Long Blades
  7555 | D:6      | Got a pitted wooden ring
  7615 | D:6      | Found a runed translucent door.
  7651 | D:6      | Found a basalt altar of Yredelemnul.
  7802 | D:7      | Identified the ring "Neekh" {rPois rF+ rN+ MR+} (You found
                  | it on level 6 of the Dungeon)
  7880 | D:7      | Found a runed translucent door.
  7916 | D:7      | Reached skill level 5 in Fighting
  7962 | D:7      | Found a flagged portal.
  8027 | Bailey   | Entered a bailey
  8723 | Bailey   | Reached skill level 5 in Charms
  9148 | Bailey   | Noticed an orc knight
  9148 | Bailey   | Identified a scroll of acquirement
  9148 | Bailey   | Acquired a manual of Dodging
  9178 | Bailey   | Noticed an orc sorcerer
  9188 | Bailey   | Reached XP level 10. HP: 37/77 MP: 10/10
  9679 | Bailey   | Reached skill level 10 in Dodging
  9780 | Bailey   | Noticed an orc knight
  9797 | Bailey   | Killed an orc knight
 10214 | D:7      | Found a bloodstained altar of Trog.
 10223 | D:7      | Found a shattered altar of Ashenzari.
 10268 | D:7      | Killed an unseen horror
 10504 | D:7      | Found an ornate altar of the Wu Jian Council.
 10508 | D:7      | Found a white marble altar of Elyvilon.
 10508 | D:7      | Found a shimmering blue altar of Sif Muna.
 10509 | D:7      | Found a sparkling altar of Nemelex Xobeh.
 10513 | D:7      | Became a worshipper of the Wu Jian Council
 10734 | D:7      | Found a sacrificial altar of Ru.
 10926 | D:7      | Noticed DayCrawler's ghost (novice TrBe)
 11354 | D:8      | Learned a level 3 spell: Spectral Weapon
 11500 | D:8      | Found a radiant altar of Vehumet.
 11587 | D:8      | Reached skill level 1 in Hexes
 11599 | D:8      | Reached * piety under Wu Jian
 12008 | D:4      | Found an opulent altar of Gozag.
 12058 | D:4      | Killed Prince Ribbit
 12058 | D:4      | Reached XP level 11. HP: 67/86 MP: 11/11
 12229 | D:4      | Found a staircase to the Ecumenical Temple.
 13251 | D:9      | Found a hazy altar of Hepliaklqana.
 13252 | D:9      | Found a shimmering altar of Xom.
 13411 | D:10     | Entered Level 10 of the Dungeon
 13637 | D:10     | Noticed a manticore
 13663 | D:10     | Killed a manticore
 13683 | D:10     | Reached ** piety under Wu Jian
 14850 | D:11     | Noticed an ogre mage
 14860 | D:11     | Reached skill level 1 in Spellcasting
 14860 | D:11     | Reached skill level 1 in Evocations
 14888 | D:11     | Killed an ogre mage
 14888 | D:11     | Reached skill level 15 in Dodging
 14898 | D:11     | Identified the +1 leather armour "Cuom" {rCorr Str+4 Int-3
                  | Slay+5}
 14898 | D:11     | Noticed a deep elf mage
 14910 | D:11     | Killed a deep elf mage
 14914 | D:11     | Noticed a centaur warrior
 15256 | D:11     | Noticed Wiuzywej's ghost (journeyman MiBe)
 15258 | D:11     | Noticed Harold
 15277 | D:11     | Killed Harold
 15277 | D:11     | Reached XP level 12. HP: 67/95 MP: 14/16
 15280 | D:11     | Reached *** piety under Wu Jian
 15429 | D:11     | Found a transporter.
 15537 | D:11     | Noticed a centaur warrior
 15538 | D:11     | Found a transporter.
 15748 | D:11     | Found a staircase to the Lair.
 16176 | D:11     | Killed a centaur warrior
 16377 | Lair:1   | Entered Level 1 of the Lair of Beasts
 16681 | Lair:1   | Reached skill level 10 in Fighting
 16870 | Lair:1   | Noticed Fannar
 16892 | Lair:1   | Killed Fannar
 17235 | Lair:1   | Reached **** piety under Wu Jian
 17259 | Lair:1   | Noticed a dire elephant
 17281 | Lair:1   | Found a runed translucent door.
 17524 | Lair:2   | Noticed a four-headed hydra
 17529 | Lair:2   | Killed a four-headed hydra
 17772 | Lair:2   | Reached XP level 13. HP: 103/103 MP: 17/17
 17821 | Lair:2   | Found a staircase to the Swamp.
 17833 | Lair:2   | Reached skill level 5 in Hexes
 18314 | Lair:2   | Found a staircase to the Snake Pit.
 19146 | Lair:3   | Reached skill level 1 in Shields
 19236 | Lair:3   | Reached skill level 5 in Armour
 20463 | Lair:4   | Reached ***** piety under Wu Jian
 21312 | Lair:6   | Entered Level 6 of the Lair of Beasts
 21312 | Lair:6   | Found a staircase to the Slime Pits.
 21553 | Lair:6   | Reached XP level 14. HP: 47/115 MP: 18/18
 22553 | Lair:6   | Found a runed translucent door.
 22555 | Lair:6   | Noticed MrPhil's ghost (journeyman MfIE)
 22586 | Lair:6   | Identified the +4 trident "Oxoukeap" {distort, rC+}
 22695 | Lair:6   | Reached skill level 5 in Evocations
 24699 | Lair:5   | Reached XP level 15. HP: 9/127 MP: 19/19
 25191 | Lair:5   | Found a burning altar of Makhleb.
 25975 | Lair:4   | Reached skill level 15 in Fighting
 26468 | D:11     | Identified the +1 storm dragon scales "Peoduvo" {rElec
                  | rPois rN+ Str+4 Int-5}
 26871 | D:12     | Reached skill level 15 in Long Blades
 26878 | D:12     | Found the +3 giant club "Skullcrusher" {speed, Str+7}
 26954 | D:12     | Noticed Nessos
 27328 | D:12     | Gained mutation: Your spells are a little easier to cast,
                  | but a little less powerful. [potion of mutation]
 27328 | D:12     | Gained mutation: You have an increased reservoir of magic.
                  | (+10% MP) [potion of mutation]
 27329 | D:12     | Lost mutation: You have an increased reservoir of magic.
                  | (+10% MP) [potion of mutation]
 27329 | D:12     | Lost mutation: Your spells are a little easier to cast, but
                  | a little less powerful. [potion of mutation]
 27329 | D:12     | Gained mutation: You are agile. (Dex +2) [potion of
                  | mutation]
 27329 | D:12     | Lost mutation: You are agile. (Dex +2) [potion of mutation]
 27329 | D:12     | Gained mutation: Your muscles are strong. (Str +2) [potion
                  | of mutation]
 27329 | D:12     | Gained mutation: Your natural rate of healing is unusually
                  | fast. [potion of mutation]
 27601 | D:12     | Killed Nessos
 28247 | D:12     | Found a staircase to the Orcish Mines.
 28527 | D:13     | Found Ysmowe's Magic Scroll Shop.
 28539 | D:13     | Bought a scroll of acquirement for 988 gold pieces
 28539 | D:13     | Acquired a +6 double sword of draining
 28710 | D:13     | Found a gate to the Vaults.
 29005 | D:13     | Found an opulent altar of Gozag.
 29329 | D:14     | Found a corrupted altar of Lugonu.
 29517 | D:14     | Got a pair of warped gloves
 29528 | D:14     | Identified the +2 pair of gloves of the Merchant {-Cast
                  | rElec MR+ Stlth+} (You found it on level 14 of the Dungeon)
 29540 | D:14     | Found Ewecrail's Armour Boutique.
 29918 | D:15     | Entered Level 15 of the Dungeon
 29947 | D:15     | Reached XP level 16. HP: 138/138 MP: 20/20
 30014 | D:15     | Identified the +7 hunting sling of Inirphax {venom, SInv}
 30198 | D:15     | Found a staircase to the Depths.
 30487 | D:15     | Noticed Qisuh's ghost (journeyman DsCK)
 30488 | D:15     | Found a runed translucent gate.
 30488 | D:15     | Found a runed translucent gate.
 30488 | D:15     | Found a runed translucent gate.
 30560 | D:15     | Found a portal to a secret trove of treasure.
 30985 | Swamp:1  | Entered Level 1 of the Swamp
 31104 | Swamp:1  | Noticed Jorgrun
 31115 | Swamp:1  | Killed Jorgrun
 31307 | Swamp:1  | Noticed a thorn hunter
 31322 | Swamp:1  | Killed a thorn hunter
 31956 | Swamp:2  | Identified the +3 ring mail of the Cicada {rElec rF- rN+}
                  | (You found it on level 2 of the Swamp)
 32457 | Swamp:3  | Reached ****** piety under Wu Jian
 32662 | Swamp:3  | Identified Roxanne's Tome of Changing
 32662 | Swamp:3  | Noticed Roxanne
 32671 | Swamp:3  | Noticed Bai Suzhen
 32706 | Swamp:3  | Killed Bai Suzhen
 32706 | Swamp:3  | Reached skill level 10 in Charms
 32866 | Swamp:3  | Noticed Nikola
 32872 | Swamp:3  | Killed Roxanne
 33017 | Swamp:3  | Killed Nikola
 33017 | Swamp:3  | Reached XP level 17. HP: 132/146 MP: 22/22
 33309 | Swamp:4  | Entered Level 4 of the Swamp
 34441 | Swamp:4  | Got a decaying rune of Zot
 34936 | Orc:1    | Entered Level 1 of the Orcish Mines
 35116 | Orc:2    | Entered Level 2 of the Orcish Mines
 35159 | Orc:2    | Found a staircase to the Elven Halls.
 35215 | Orc:2    | Noticed Donald
 35230 | Orc:2    | Killed Donald
 35426 | Orc:2    | Noticed Snorg
 35436 | Orc:2    | Killed Snorg
 35620 | Orc:2    | Noticed Saint Roka
 35636 | Orc:2    | Killed Saint Roka
 35643 | Orc:2    | Found Iraixo's Antique Armour Emporium.
 35643 | Orc:2    | Found a roughly hewn altar of Beogh.
 35644 | Orc:2    | Found Ibuataem's Antique Weapon Shoppe.
 35763 | Orc:2    | Bought a spiked chain mail for 266 gold pieces
 35763 | Orc:2    | Identified the cursed +0 chain mail "Jyodd" {*Drain rPois
                  | Regen+ MP-9} (You bought it in a shop on level 2 of the
                  | Orcish Mines)
 36212 | Swamp:3  | Got a scorched hat
 36223 | Swamp:3  | Identified the cursed +0 hat of Cuhy Wut {rPois} (You found
                  | it on level 3 of the Swamp)
 36488 | Orc:2    | Found a roughly hewn altar of Beogh.
 36488 | Orc:2    | Found Suetiug's Distillery.
 36577 | Orc:2    | Found a roughly hewn altar of Beogh.
 36591 | Orc:2    | Found Baomoq's Antique Armour Shoppe.
 36704 | Orc:2    | Found a roughly hewn altar of Beogh.
 36914 | Orc:1    | Found a roughly hewn altar of Beogh.
 37249 | Snake:1  | Entered Level 1 of the Snake Pit
 37367 | Snake:1  | Reached XP level 18. HP: 155/155 MP: 22/24
 37446 | Snake:1  | You fall into a shaft and drop 1 floor!
 37464 | Snake:2  | Noticed Aizul
 37485 | Snake:2  | Killed Aizul
 38013 | Snake:2  | Found the +8 orange crystal plate armour {Archmagi, Int+3
                  | Clar}
 38857 | Snake:1  | You fall into a shaft and drop 1 floor!
 40639 | Snake:4  | Entered Level 4 of the Snake Pit
 41013 | Snake:4  | Reached XP level 19. HP: 150/164 MP: 25/25
 41070 | Snake:4  | Reached skill level 10 in Armour
 42311 | Snake:4  | Got a serpentine rune of Zot
 42740 | Elf:1    | Entered Level 1 of the Elven Halls
 42826 | Vaults:1 | Entered Level 1 of the Vaults
 43063 | Vaults:1 | Reached skill level 5 in Shields
 43317 | D:5      | Bought Heobbeamp's Disquisition on Air and Clay for 460
                  | gold pieces
 43436 | D:13     | Bought a scroll of teleportation for 57 gold pieces
 43527 | Orc:2    | Bought a steaming hand crossbow for 289 gold pieces
 43710 | Vaults:1 | Found a runed translucent gate.
 43710 | Vaults:1 | Found a runed translucent gate.
 43710 | Vaults:1 | Found a runed translucent gate.
 43710 | Vaults:1 | Noticed a tentacled monstrosity
 43710 | Vaults:1 | Noticed a tentacled monstrosity
 43773 | Vaults:1 | Found Durgh's Book Shoppe.
 43782 | Vaults:1 | Bought a book of Summonings for 1260 gold pieces
 43786 | Vaults:1 | Learned a level 2 spell: Swiftness
 43792 | Vaults:1 | Learned a level 5 spell: Summon Mana Viper
 43800 | Vaults:1 | Found Irud's Food Emporium.
 43948 | Vaults:1 | Found Namofeu's Food Shoppe.
 43954 | Vaults:1 | Reached skill level 1 in Summonings
 44001 | Vaults:1 | Found Viocw's Magic Scroll Shop.
 44024 | Vaults:1 | Bought a scroll of blinking for 90 gold pieces
 44450 | Vaults:1 | Reached XP level 20. HP: 172/172 MP: 26/26
 44459 | Vaults:1 | Found Secouth's Antique Armour Shoppe.
 44462 | Vaults:1 | Bought a twisted chain mail for 408 gold pieces
 44462 | Vaults:1 | Identified the +6 chain mail "Plog" {*Slow Str+6 Int+6}
                  | (You bought it in a shop on level 1 of the Vaults)
 44656 | D:11     | Killed Wiuzywej's ghost
 44900 | Lair:1   | Got a slimy lead ring
 44924 | Lair:1   | Identified the ring of Fixation {Wiz Str+6} (You found it
                  | on level 1 of the Lair of Beasts)
 45176 | Vaults:1 | Bought a shiny chain mail for 322 gold pieces
 45926 | Vaults:2 | Reached skill level 5 in Summonings
 46019 | Vaults:2 | Found a large runed translucent door.
 46019 | Vaults:2 | Found a large runed translucent door.
 46019 | Vaults:2 | Noticed OdinFK's ghost (adept DrCj)
 47057 | Vaults:3 | Cast into level 4 of the Abyss (vault warden)
 47057 | Abyss:4  | Found a corrupted altar of Lugonu.
 47121 | Abyss:4  | Found a corrupted altar of Lugonu.
 47300 | Abyss:4  | Found a corrupted altar of Lugonu.
 47321 | Vaults:3 | Escaped the Abyss
 47419 | Vaults:3 | Reached skill level 10 in Shields
 47675 | Vaults:3 | Reached XP level 21. HP: 127/178 MP: 27/27
 48231 | Vaults:3 | Learned a level 6 spell: Shadow Creatures
 48237 | Vaults:3 | Learned a level 5 spell: Aura of Abjuration
 48279 | Vaults:3 | Reached skill level 10 in Summonings
 48950 | Vaults:3 | Found a staircase to the Crypt.
 49030 | Vaults:3 | Found Ujyhog's Assorted Antiques.
 49037 | Vaults:3 | Bought a scroll of enchant armour for 240 gold pieces
 50804 | Vaults:4 | Reached XP level 22. HP: 185/185 MP: 28/28
 51359 | Elf:1    | Found a radiant altar of Vehumet.
 51978 | Elf:1    | Identified the Collected Works on Attacks
 52070 | Elf:1    | Gained mutation: You tend to lose your temper in combat. [a
                  | neqoxec]
 52651 | Elf:3    | Entered Level 3 of the Elven Halls
 52657 | Elf:3    | Reached skill level 15 in Shields
 53317 | Elf:2    | Lost mutation: You tend to lose your temper in combat.
                  | [potion of mutation]
 53317 | Elf:2    | Lost mutation: Your muscles are strong. (Str +2) [potion of
                  | mutation]
 53317 | Elf:2    | Lost mutation: Your natural rate of healing is unusually
                  | fast. [potion of mutation]
 53317 | Elf:2    | Gained mutation: You have a pair of small horns on your
                  | head. [potion of mutation]
 53317 | Elf:2    | Gained mutation: You possess an exceptional clarity of
                  | mind. [potion of mutation]
 53318 | Elf:2    | Lost mutation: You have a pair of small horns on your head.
                  | [potion of mutation]
 53318 | Elf:2    | Gained mutation: You are clumsy. (Dex -2) [potion of
                  | mutation]
 53318 | Elf:2    | Gained mutation: You are resistant to hostile enchantments.
                  | (MR+) [potion of mutation]
 53318 | Elf:2    | Lost mutation: You possess an exceptional clarity of mind.
                  | [potion of mutation]
 53318 | Elf:2    | Gained mutation: You have supernaturally acute eyesight.
                  | (SInv) [potion of mutation]
 53319 | Elf:2    | Lost mutation: You are clumsy. (Dex -2) [potion of
                  | mutation]
 53319 | Elf:2    | Lost mutation: You are resistant to hostile enchantments.
                  | (MR+) [potion of mutation]
 53319 | Elf:2    | Gained mutation: You are frail. (-10% HP) [potion of
                  | mutation]
 53319 | Elf:2    | Gained mutation: You expend magic power (3 MP) to
                  | strengthen your wands. [potion of mutation]
 53319 | Elf:2    | Gained mutation: You are resistant to hostile enchantments.
                  | (MR+) [potion of mutation]
 53319 | Elf:2    | Gained mutation: Your mind is acute. (Int +2) [potion of
                  | mutation]
 53320 | Elf:2    | Lost mutation: Your mind is acute. (Int +2) [potion of
                  | mutation]
 53320 | Elf:2    | Lost mutation: You are frail. (-10% HP) [potion of
                  | mutation]
 53320 | Elf:2    | Gained mutation: Your flesh is heat resistant. (rF+)
                  | [potion of mutation]
 53320 | Elf:2    | Gained mutation: Your flesh is very heat resistant. (rF++)
                  | [potion of mutation]
 53450 | Elf:2    | Identified the +6 long sword "Zovuogurch" {freeze, Fragile
                  | Str+6}
 53736 | Elf:2    | Found a huge runed translucent gate.
 53736 | Elf:2    | Found a huge runed translucent gate.
 53741 | Elf:2    | Found a huge runed translucent gate.
 53742 | Elf:2    | Found a huge runed translucent gate.
 53742 | Elf:2    | Found a huge runed translucent gate.
 54331 | Elf:3    | Found Kemoog's Food Shoppe.
 54909 | Elf:3    | Reached XP level 23. HP: 191/191 MP: 29/29
 54931 | Elf:3    | Got a smoking steel ring
 54945 | Elf:3    | Identified the ring of Ydghau {rElec Str+2 Int+6 Dex+7}
                  | (You found it on level 3 of the Elven Halls)
 54984 | Elf:3    | Found the ring of Phasing {EV+8}
 54984 | Elf:3    | Found the +7 lajatang of Order {silver, rMut}
 54990 | Elf:3    | Found the +9 staff of Olgreb {rPois∞}
 55000 | Elf:3    | Identified the Handbook of Absolutism
 55026 | Elf:3    | Got a transparent platinum ring
 55027 | Elf:3    | Identified the ring "Xytiuck" {rPois Str-2 Int+6 Stlth+}
                  | (You found it on level 3 of the Elven Halls)
 55031 | Elf:3    | Identified Sif Muna's Guide on the Mountains and Slavery
 55076 | Elf:3    | Identified the amulet of Ciffutz {RegenMP Str+6} (You found
                  | it on level 3 of the Elven Halls)
 56275 | Depths:1 | Entered Level 1 of the Depths
 56548 | Depths:1 | Found Hinoyjuo's Antique Armour Shop.
 56577 | Depths:1 | Found an iron altar of Okawaru.
 56889 | Depths:1 | Found a one-way gate to the infinite horrors of the Abyss.
 57096 | Depths:1 | Found a gateway to Hell.
 57824 | Depths:2 | Found Birrojy's Antique Weapon Boutique.
 58104 | Depths:2 | Found a one-way gate leading to the halls of Pandemonium.
 58216 | Depths:2 | Found the +4 dagger "Morg" {pain, MR+ Int+5}
 58945 | Depths:3 | Reached XP level 24. HP: 143/199 MP: 29/29
 59776 | Depths:3 | Noticed the Enchantress
 59789 | Depths:3 | Killed the Enchantress
 60396 | Depths:3 | Got a crude pewter ring
 61000 | Depths:4 | You fall into a shaft and drop 1 floor!
 61000 | Depths:5 | Entered Level 5 of the Depths
 61012 | Depths:5 | Noticed a juggernaut
 61045 | Depths:5 | Killed a juggernaut
 61547 | Depths:5 | Got a dazzling plate armour
 61548 | Depths:5 | Identified the +8 plate armour "Erchahof" {Harm rPois
                  | Str+2} (You found it on level 5 of the Depths)
 61549 | Depths:5 | Identified the ring "Muchih" {*Slow +Blink rElec MR+} (You
                  | found it on level 3 of the Depths)
 61552 | Depths:5 | Acquired 1380 gold pieces
 63216 | Depths:1 | Bought dazzling ice dragon scales for 2275 gold pieces
 63216 | Depths:1 | Identified the +1 ice dragon scales of Vlad {+Inv rPois rF-
                  | rC++ Regen+ Dex-3} (You bought it in a shop on level 1 of
                  | the Depths)
 63274 | Depths:4 | Reached XP level 25. HP: 217/217 MP: 29/29
 63292 | Depths:4 | Found a gateway to a ziggurat.
 63412 | Depths:4 | Paralysed by a floating eye for 2 turns
 63513 | D:15     | Killed Qisuh's ghost
 63518 | D:15     | Got a pair of ichor-stained boots
 63521 | D:15     | Identified the +1 pair of boots of Zaf Ixe {rElec rF+++
                  | rN+++ MP-9} (You found it on level 15 of the Dungeon)
 64011 | Depths:4 | Noticed Sojobo
 64049 | Depths:4 | Killed Sojobo
 64458 | Depths:4 | Noticed Xtahua
 64466 | Depths:4 | Killed Xtahua
 64720 | Depths:4 | Identified Sif Muna's Volume of Companions
 65462 | Depths:5 | Found a gate to the Realm of Zot.
 65767 | Crypt:1  | Entered Level 1 of the Crypt
 66307 | Crypt:1  | Found a shimmering altar of Xom.
 68362 | Crypt:3  | Entered Level 3 of the Crypt
 68586 | Crypt:3  | Reached XP level 26. HP: 229/229 MP: 20/29
 68790 | Crypt:3  | Noticed a greater mummy
 68791 | Crypt:3  | Noticed Khufu
 68791 | Crypt:3  | Noticed a greater mummy
 68791 | Crypt:3  | Noticed a greater mummy
 68803 | Crypt:3  | Killed a greater mummy
 68818 | Crypt:3  | Killed a greater mummy
 68827 | Crypt:3  | HP: 11/229 [emperor scorpion[Khufu] (7)]
 68829 | Crypt:3  | HP: 1/229 [emperor scorpion[Khufu] (9)]
 68829 | Crypt:3  | Slain by an emperor scorpion

Illustrated notes

Levels and vault maps discovered:
D:1:      saegor_arrival_under_anarchy, layout_loops_ring
D:2:      layout_basic, first_ration
D:3:      layout_loops_corners, grunt_ministairs_15, xom_redecorated,
          uniq_crazy_yiuf_cottage, uniq_jessica
D:4:      layout_rooms, lemuel_doored_altar, minmay_temple_entry_mini_moons
D:5:      layout_basic, lemuel_coloured_pillars_altar, serial_shops,
          nicolae_shop_statue_plus, uniq_sigmund, uniq_prince_ribbit1,
          uniq_edmund
D:6:      minmay_razor_zed, layout_basic, serial_shops, shop_fountains,
          dk_yredelemnul_ordeal
D:7:      layout_loops_ring, grunt_temple_overflow_open, kennysheep_little_box,
          enter_bailey_7, ebering_ghost_reflecting_pool, grunt_livestock
D:8:      layout_rooms, vehumet_crystals, nicolae_benzene_ring,
          lemuel_another_geyser
D:9:      layout_rooms, regret_index_temple_of_mockery,
          hangedman_corner_corridor
D:10:     layout_roguey, st_stairs_7
D:11:     minmay_the_grid_square_5x5_4x4_mashed
          [minmay_the_grid_square_5x5_inner_i,
          minmay_the_grid_square_5x5_inner_z,
          minmay_the_grid_square_5x5_two_walls_a, minmay_the_grid_square_5x5_v,
          minmay_the_grid_square_5x5_trominoes,
          minmay_the_grid_square_5x5_prize_gold,
          minmay_the_grid_square_5x5_prize_itemx,
          minmay_the_grid_square_5x5_sharp_hourglass,
          minmay_the_grid_square_5x5_tri_point,
          minmay_the_grid_square_5x5_prize_waves,
          minmay_the_grid_square_5x5_prize_deathbox,
          minmay_the_grid_square_5x5_eight_small,
          minmay_the_grid_square_5x5_intrusive_squares,
          minmay_the_grid_square_5x5_half_checkered,
          minmay_the_grid_square_5x5_spiral, minmay_the_grid_square_5x5_slash],
          layout_cave_pools, erik_lair_dragon, gammafunk_ghost_stat_death,
          uniq_harold
D:12:     layout_basic, orc_0_dummy, gauntlet_entry_generic,
          minmay_guarded_unrand_skullcrusher, uniq_nessos
D:13:     layout_cave_pools, lightli_vaults_fourway_checkpoint, serial_shops,
          nicolae_shop_crystal, nicolae_gozag_seed_capital
D:14:     kennysheep_kobold_lugonu_temple, layout_loops_ring, serial_shops,
          shop, minmay_misc_feat_rugged
D:15:     grunt_enter_depths_giant_problem, layout_basic,
          gammafunk_ghost_hydra_chop, enter_trove_3
Temple:   eino_wide_crystal_templ
Lair:1:   gammafunk_lair_enchanted_lake, layout_hall_layers,
          infiniplex_staircase_pool, uniq_fannar
Lair:2:   layout_cave_pods, minmay_swamp_entry_reptiles,
          guppyfry_snake_entry_garden
Lair:3:   layout_gridlike, worms_lemuel
Lair:4:   layout_regular_city
Lair:5:   layout_roguey, basic_altar, infiniplex_staircase_pool_2,
          grunt_megastairs_1
Lair:6:   evilmike_catoblepas_cave, layout_loops_ring, slime_dummy,
          ebering_ghost_funeral_grove, special_room [special_room_bee],
          enter_volcano_1
Swamp:1:  layout_basic_swamp, nicolae_swamp_very_dense_foliage, swamp_pool3,
          uniq_jorgrun
Swamp:2:  layout_basic_swamp, evilmike_swamp_ruin_house_5
Swamp:3:  layout_basic_swamp, evilmike_swamp_ruin_house_6, uniq_roxanne,
          uniq_bai_suzhen, uniq_nikola
Swamp:4:  swamp_alternative, layout_basic_swamp
Snake:1:  layout_chambers
Snake:2:  layout_onion, uniq_aizul
Snake:3:  layout_cave_town
Snake:4:  johnstein_snake_rune_scales, layout_cave_town
Orc:1:    layout_caves, nicolae_orc_lost_temple
Orc:2:    grunt_orc_community_town_hall, layout_diamond_mine,
          grunt_orc_community_big_house_2, grunt_orc_community_big_house_1,
          grunt_orc_community_house_3, grunt_orc_community_house_1,
          grunt_orc_community_house_2, grunt_orc_community_house_1,
          nicolae_orc_rockfall, uniq_snorg, uniq_donald
Elf:1:    eino_elf_arrival_altar, layout_geoelf_octagon, minmay_elf_sorcery
Elf:2:    layout_gridlike
Elf:3:    minmay_elf_hall_four_x, layout_geoelf_grid, serial_shops, shop
Vaults:1: ploomutoo_gammafunk_vaults_ghost_potion_laboratory, vaults_mumra_lcd,
          v_misc_13, v_misc_22, vaults_room_hallway, v_misc_14,
          nicolae_vaults_rhombus_6, layout_vaults_omnigrid, serial_shops, shop,
          nicolae_shop_window_shopping, shop_coins, nicolae_shop_waterfront,
          nicolae_shop_crystal
Vaults:2: advil_vaults_ghost_guards, nicolae_vaults_little_squares_6,
          ontoclasm_vaults_ring_square, nicolae_vaults_disjoint_gnomons,
          nicolae_vaults_big_angled_halls, vaults_mumra_minichess_inversion,
          vaults_dpeg_cross, vaults_dpeg_hooks,
          nicolae_vaults_diagonal_hallway_7, hangedman_vaults_cutoff,
          serial_ice_b, nicolae_vaults_circle_grid_a, vaults_room_fours,
          v_misc_11, hangedman_vaults_nails, layout_vaults_omnibox
Vaults:3: nicolae_vaults_little_ls, ontoclasm_vaults_eye,
          minmay_crypt_entry_simple_walls, nicolae_vaults_network_periphery,
          hangedman_vaults_unwind, v_misc_26, vaults_dpeg_doors,
          nicolae_vaults_octagons, hangedman_vaults_corner_blocks,
          nicolae_vaults_alarming, hangedman_vaults_capsules, serial_ice_b,
          layout_vaults_ring, serial_shops, shop
Vaults:4: ontoclasm_vaults_hangar, vaults_mumra_hexcomb,
          nicolae_vaults_network_s, st_cross, v_misc_26, hangedman_vaults_hat,
          ontoclasm_vaults_hangar, ontoclasm_vaults_idyll, v_misc_23, v_misc_26,
          v_misc_10, vaults_room_pool, vaults_dpeg_diagonal,
          layout_vaults_chaotic_city
Crypt:1:  due_chaos_kobolds, layout_gridlike, grunt_ministairs_3,
          library_closet, minmay_misc_feat_columns, st_stairs_7, feat_on_display
Crypt:2:  layout_chaotic_city, st_stairs_8, nicolae_crypt_twisting_catacombs,
          grunt_ministairs_13, fountainhead, minmay_misc_feat_five,
          minmay_misc_feat_alley
Crypt:3:  cryptofortress_bobbens, uniq_khufu
Depths:1: layout_cave_pools, pf_hell_entry_great_geh, serial_shops,
          nicolae_shop_window_shopping, abyss_entry_crystal,
          okawaru_ov_weapons_minmay
Depths:2: minmay_fractal_lines_corner, layout_long_grid, serial_shops,
          nicolae_shop_stone, nicolae_twisting_strands, hell_entry,
          rand_demon_pan_entry_4, abyss_entry_small_statue_room
Depths:3: grunt_forest_end_chambers, layout_cave_pools, hell_entry,
          rand_demon_pan_entry_8, chequers_serial_rivers_micro_a,
          kennysheep_generic_room_6
Depths:4: dpeg_oklob_gauntlet, layout_gridlike, enter_ziggurat_c,
          rand_demon_pan_entry_3, grunt_hell_entry_dis_old, abyss_entry,
          minmay_holes, hangedman_research_convocations, uniq_saint_roka,
          uniq_xtahua, uniq_sojobo
Depths:5: evilmike_zot_entry_round, layout_cave_shapes, serial_bayou_pond_e,
          grunt_mini_vestibule, grunt_megastairs_3, uniq_enchantress

Skill      XL: |  1  2  3  4  5  6  7  8  9 10 11 12 13 14 15 16 17 18 19 20 21 22 23 24 25 |
---------------+----------------------------------------------------------------------------+-----
Long Blades    | 4 5 6 7 8 9 10 11 12 14 15 16 17 18 | 18.0
Fighting       | 3 4 6 8 9 10 12 14 16 17 18 22 23 | 23.5
Dodging        | 5 6 7 8 9 12 15 16 17 18 19 21 23 | 23.5
Armour         | 1 2 3 4 5 6 8 9 10 11 12 | 12.8
Charms         | 1 5 6 7 8 10 11 | 11.0
Hexes          | 1 3 4 6 8 9 |  9.3
Spellcasting   | 2 3 |  3.0
Evocations     | 3 4 5 6 7 9 |  9.0
Shields        | 4 6 10 13 17 20 | 20.6
Summonings     | 3 9 12 | 12.1
Throwing       | |  2.0

Action                   |  1- 3 |  4- 6 |  7- 9 | 10-12 | 13-15 | 16-18 | 19-21 | 22-24 | 25-27 || total
-------------------------+-------+-------+-------+-------+-------+-------+-------+-------+-------++-------
Melee: Long sword        |    56 |   155 |   413 |   925 |  1380 |       |       |       |       ||  2929
       Glaive            |       |       |    10 |    19 |       |       |       |       |       ||    29
       Triple sword      |       |       |       |    39 |       |       |       |       |       ||    39
       Tailslap          |       |       |       |       |     2 |    56 |     1 |     2 |     2 ||    63
       Double sword      |       |       |       |       |   208 |  1475 |  1635 |  1850 |   859 ||  6027
Throw: Dart              |     4 |    19 |    57 |    22 |       |       |       |       |       ||   102
       Javelin           |       |    12 |    46 |    11 |    24 |     6 |     2 |       |       ||   101
       Throwing net      |       |     1 |     5 |       |       |     2 |       |       |       ||     8
 Cast: Song of Slaying   |       |       |     1 |       |     6 |       |       |     4 |     3 ||    14
       Spectral Weapon   |       |       |       |       |     6 |       |       |     3 |     1 ||    10
       Swiftness         |       |       |       |       |       |       |       |     1 |       ||     1
       Aura of Abjuratio |       |       |       |       |       |       |       |     1 |       ||     1
Invok: Lunge             |       |       |       |    43 |    82 |    95 |   121 |    92 |    47 ||   480
       Whirlwind         |       |       |       |    87 |   149 |   101 |   193 |   254 |    43 ||   827
       Serpent's Lash    |       |       |       |     2 |    14 |    13 |    29 |    21 |     4 ||    83
       Heavenly Storm    |       |       |       |       |     2 |     1 |     1 |     3 |     1 ||     8
 Abil: Wall Jump         |       |       |       |    13 |    80 |    15 |    31 |    56 |    15 ||   210
Evoke: Wand              |       |       |     8 |     9 |    22 |    10 |     2 |    11 |     6 ||    68
       Lightning rod     |       |       |       |       |    19 |    14 |     3 |       |       ||    36
  Use: Scroll            |       |     8 |    11 |    12 |    11 |    10 |     8 |    16 |     8 ||    84
       Potion            |       |       |    11 |     4 |     5 |     1 |     3 |     8 |     8 ||    40
 Stab: Held in net/web   |       |     2 |     2 |       |       |     2 |       |       |       ||     6
       Sleeping          |       |       |     1 |       |       |     4 |     2 |       |       ||     7
       Confused          |       |       |       |     6 |     1 |     1 |       |       |       ||     8
       Distracted        |       |       |       |       |       |     1 |     2 |       |       ||     3
       Invisible         |       |       |       |       |       |       |       |       |     1 ||     1
  Eat: Chunk             |       |     6 |    13 |    15 |    28 |    23 |    21 |    22 |     4 ||   132
       Ration            |       |     1 |     1 |     5 |     4 |     4 |     4 |     7 |     4 ||    30
Armor: Leather armour    |     6 |       |       |       |       |       |       |       |       ||     6
       Ring mail         |     6 |    26 |    90 |   172 |       |       |       |       |       ||   294
       Robe              |       |     2 |     3 |       |       |       |       |       |       ||     5
       Skin              |       |       |   141 |       |       |       |       |       |       ||   141
       Scale mail        |       |       |       |    32 |   281 |   276 |   196 |   172 |       ||   957
       Plate armour      |       |       |       |       |       |       |       |       |   130 ||   130
Dodge: Dodged            |    35 |   122 |   377 |   748 |  1116 |  1381 |  1071 |  1109 |   471 ||  6430
       Repelled          |       |       |       |     4 |    22 |    37 |    69 |    50 |     8 ||   190
Block: Buckler           |       |       |       |       |   168 |   328 |   321 |    94 |       ||   911
       Kite shield       |       |       |       |       |       |       |       |   787 |   607 ||  1394
       Rpst.: Long sword |     8 |    30 |    90 |   177 |   246 |       |       |       |       ||   551
       Triple sword      |       |       |       |    16 |       |       |       |       |       ||    16
       Double sword      |       |       |       |       |    35 |   214 |   201 |   223 |    87 ||   760
